 Dungeon Crawl Stone Soup version 0.26.1-11-gd32895ea62 (webtiles) character file.

Game seed: 14087039828686860848

711 Zeld the Digger (level 7, -1/41 HPs)
             Began as a Gargoyle Earth Elementalist on June 5, 2021.
             Shot with an arrow by a centaur (5 damage)
             ... on level 5 of the Dungeon.
             The game lasted 00:31:31 (15658 turns).

Zeld the Digger (Gargoyle Earth Elementalist)      Turns: 15658, Time: 00:31:32

Health: -1/41      AC:  6    Str: 11    XL:     7   Next: 68%
Magic:  1/12       EV: 13    Int: 18    God:
Gold:   160        SH:  0    Dex: 10    Spells: 3/13 levels left

rFire    . . .     SeeInvis .   (no weapon)
rCold    . . .     Faith    .   (no shield)
rNeg     + . .     Spirit   .   c - +0 robe
rPois    ∞         Reflect  .   (no helmet)
rElec    +         Harm     .   (no cloak)
rCorr    .         Rampage  .   (no gloves)
Will     .....                  (no boots)
Stlth    ++........             (no amulet)
HPRegen  0.13/turn              i - ring of wizardry
MPRegen  0.13/turn              (no ring)

@: no status effects
A: negative energy resistance 1, electricity resistance, unbreathing,
petrification resistance, miasma immunity, AC +4
a: no special abilities


You were on level 5 of the Dungeon.
You visited 1 branch of the dungeon, and saw 5 of its levels.

You collected 160 gold pieces.

Inventory:

Missiles
 b - 24 stones (quivered)
Armour
 c - a +0 robe (worn)
Jewellery
 i - a ring of wizardry (left hand)
Scrolls
 a - 3 scrolls of teleportation
 d - 2 scrolls of enchant weapon
 k - a scroll of magic mapping {unknown}
 m - a scroll of random uselessness {unknown}
 n - a scroll of fog {unknown}
 p - a scroll of remove curse
 t - a scroll of blinking {unknown}
Potions
 e - a potion of lignification {unknown}
 f - a potion of magic {unknown}
 g - 2 potions of haste {unknown}
 h - a potion of resistance {unknown}
 j - a potion of brilliance {unknown}
 o - a potion of heal wounds {unknown}
 q - a potion of cancellation {unknown}
 r - a potion of curing
 s - a potion of flight {unknown}


   Skills:
 + Level 3.5 Fighting
 + Level 3.2 Dodging
 - Level 4.0 Stealth
 + Level 3.6 Spellcasting
 - Level 0.7 Transmutations
 * Level 6.8 Earth Magic


You had 3 spell levels left.
You knew the following spells:

 Your Spells              Type           Power        Failure   Level
a - Sandblast             Erth           54%          1%          1
b - Passwall              Tmut/Erth      13%          1%          2
c - Stone Arrow           Conj/Erth      30%          4%          3
d - Petrify               Tmut/Erth      16%          13%         4

Your spell library contained the following spells:

 Spells                   Type           Power        Failure   Level
 Lee's Rapid Deconstruct  Erth           13%          11%         5


Dungeon Overview and Level Annotations

Branches:
Dungeon (5/15)
 Temple: D:4-7

Altars:
Ashenzari
Yredelemnul


Innate Abilities, Weirdness & Mutations

You are resistant to torment.
Your stone body is resilient. (AC +4)
You are immune to poison.
You resist negative energy. (rN+)
You are resistant to electric shocks. (rElec)
You can survive without breathing.
You are immune to petrification.
You are immune to miasma.


Message History

The centaur shoots an arrow.
The arrow hits you!
You see here an arrow.
The centaur shoots an arrow.
The arrow hits you.
* * * LOW HITPOINT WARNING * * *
The centaur shoots an arrow.
The arrow hits you but does no damage.
You see here 2 arrows.
Things that are here:
9 stones; a scale mail The centaur shoots an arrow.
The arrow closely misses you.
The centaur shoots an arrow.
The arrow barely misses you.
Your magical contamination has completely faded away.
You see here 2 arrows.
The centaur shoots an arrow.
The arrow hits you.
* * * LOW HITPOINT WARNING * * *
The centaur shoots an arrow.
The arrow barely misses you.
The centaur shoots an arrow.
The arrow hits you.
* * * LOW HITPOINT WARNING * * *
You see here an arrow.
The centaur shoots an arrow.
The arrow hits you.
You die...

#.######## #................
##........#######.#######.....#..
...#...................##.....#..
#..........####.....##.##.....###
#..........# #..................
#.##.....c.#####.......#......###
#...(.(#+#(..###......)#.#+#....#
.........$.(...............#.....
.[..........(..(@....>.....####.#
####...#...#.######........#..#.#
#...###.#.# #..........#..#.#
###.......# #.#.#......#..# #
#####.### #.#.......<...# #.# .
#(..###...#.# #.
#................
.....#####...#### ...... #...#


You could see a centaur.

Vanquished Creatures
  A sky beast (D:4)
  A scorpion (D:4)
  A centaur skeleton (D:4)
  6 worker ants
  Natasha (thrice) (D:2)
  2 orc wizards
  8 gnolls (D:2)
  10 adders
  A shadow imp (D:4)
  An ufetubus (D:4)
  An adder skeleton (D:3)
  A worm (D:2)
  2 dart slugs
  3 leopard geckos
  11 orcs
  6 bats
  2 giant cockroaches
  9 goblins
  5 hobgoblins
  8 jackals
  A quokka (D:3)
  2 frilled lizards
  4 jackal skeletons
  8 kobolds
  A leopard gecko zombie (D:3)
  7 rats
  A spectral orc (D:2)
106 creatures vanquished.

Vanquished Creatures (others)
  2 withered plants (D:3)
2 creatures vanquished.

Grand Total: 108 creatures vanquished

Notes
Turn   | Place    | Note
-------+----------+-------------------------------------------
     0 | D:1      | Zeld the Gargoyle Earth Elementalist began the quest for
                  | the Orb.
     0 | D:1      | Reached XP level 1. HP: 10/10 MP: 3/3
   357 | D:1      | Reached XP level 2. HP: 16/16 MP: 1/5
   360 | D:1      | Learned a level 2 spell: Passwall
   827 | D:1      | Reached skill level 4 in Earth Magic
  2199 | D:1      | Reached XP level 3. HP: 20/20 MP: 3/6
  2203 | D:1      | Learned a level 3 spell: Stone Arrow
  2461 | D:1      | Reached skill level 1 in Fighting
  2957 | D:2      | Found a faded altar of an unknown god.
  3918 | D:2      | Reached XP level 4. HP: 25/25 MP: 5/7
  5503 | D:2      | Noticed Natasha
  5529 | D:2      | Killed Natasha
  5530 | D:2      | Reached skill level 5 in Earth Magic
  5530 | D:2      | Reached XP level 5. HP: 18/30 MP: 0/8
  5815 | D:2      | You fall into a shaft and drop 1 floor!
  6305 | D:2      | Noticed Natasha
  6308 | D:2      | Killed Natasha
  6873 | D:2      | Noticed Natasha
  7413 | D:2      | Killed Natasha
  7414 | D:2      | Reached XP level 6. HP: 35/35 MP: 0/10
  7431 | D:1      | Learned a level 4 spell: Petrify
  8322 | D:2      | Found a basalt altar of Yredelemnul.
  8591 | D:3      | Found a broken altar of Ashenzari.
 11624 | D:4      | Reached skill level 6 in Earth Magic
 11633 | D:4      | Reached XP level 7. HP: 40/40 MP: 1/11
 13609 | D:5      | Entered Level 5 of the Dungeon
 15658 | D:5      | Shot with an arrow by a centaur

Illustrated notes

Levels and vault maps discovered:
D:1:      lemuel_arrival_cross, layout_basic, hex_tiny
D:2:      layout_basic, yredelemnul_forgotten_temple_becter,
          chequers_ecumenical_altar_simple, uniq_natasha
D:3:      layout_rooms, overflow_temple_1_default, serial_undead,
          serial_undead_c, serial_undead_a, serial_undead_e, serial_undead_f
D:4:      layout_basic, kennysheep_decorative_pillar, grunt_ministairs_10
D:5:      layout_basic, nicolae_overflow_quartered_altars

Skill      XL: |  1  2  3  4  5  6  7 |
---------------+----------------------+-----
Earth Magic    | 4 5 6 |  6.8
Fighting       | 1 2 3 |  3.5
Dodging        | 2 3 |  3.2
Stealth        | 3 4 |  4.0
Spellcasting   | 3 |  3.6
Transmutations | |  0.7

Action                   |  1- 3 |  4- 6 |  7- 9 || total
-------------------------+-------+-------+-------++-------
Melee: Dagger            |       |     1 |       ||     1
       Unarmed           |       |    18 |    25 ||    43
 Cast: Sandblast         |    45 |    47 |    10 ||   102
       Passwall          |     1 |     3 |     4 ||     8
       Stone Arrow       |       |    56 |    39 ||    95
       Petrify           |       |       |     2 ||     2
  Use: Scroll            |       |     3 |     4 ||     7
 Stab: Petrified         |       |       |     5 ||     5
Armor: Robe              |     5 |    24 |    26 ||    55
Dodge: Dodged            |    11 |    57 |    64 ||   132
